 Dungeon Crawl Stone Soup version 0.24-a0-252-g5076262 (webtiles) character file.

Game seed: 12815233258410034439

207 Borgoz the Cutter (level 5, -1/32 HPs)
             Began as a Gargoyle Gladiator on Apr 17, 2019.
             Slain by an iguana (8 damage)
             ... on level 4 of the Dungeon.
             The game lasted 00:03:11 (2605 turns).

Borgoz the Cutter (Gargoyle Gladiator)              Turns: 2605, Time: 00:03:12

Health: -1/32      AC:  8    Str: 18    XL:     5   Next: 85%
Magic:  5/5        EV: 13    Int:  8    God:
Gold:   189        SH:  0    Dex: 12    Spells: 4/4 levels left

rFire    + . .     SeeInvis .   a - +0 rapier
rCold    + + .     Gourm    .   (no shield)
rNeg     + . .     Faith    .   q - +0 leather armour (curse)
rPois    ∞         Spirit   .   c - +0 helmet
rElec    +         Reflect  .   i - scarf {rC+ rF+}
rCorr    .         Harm     .   (no gloves)
MR       .....                  (no boots)
Stlth    ++........             (no amulet)
HPRegen  0.10/turn              h - ring of protection from cold
MPRegen  0.09/turn              (no ring)

@: no status effects
A: negative energy resistance 1, electricity resistance, unbreathing,
petrification resistance, rot immunity, AC +4
a: no special abilities


You were on level 4 of the Dungeon.
You were near starving.

You visited 1 branch of the dungeon, and saw 4 of its levels.

You collected 189 gold pieces.

Inventory:

Hand Weapons
 a - a +0 rapier (weapon)
Armour
 c - a +0 helmet (worn)
 i - a scarf of resistance (worn)
 q - a cursed +0 leather armour (worn)
Jewellery
 b - an uncursed ring of resist corrosion {unknown}
 h - a ring of protection from cold (left hand)
Scrolls
 g - 2 scrolls of enchant weapon {unknown}
 k - a scroll of magic mapping {unknown}
 l - a scroll of remove curse {unknown}
 m - 6 scrolls of identify {unknown}
 n - 2 scrolls of teleportation {unknown}
 o - 2 scrolls of fog {unknown}
 p - a scroll of noise {unknown}
 s - a scroll of fear {unknown}
Potions
 e - 3 potions of curing
 j - 3 potions of flight {unknown}
 r - a potion of mutation {unknown}
Comestibles
 f - 12 rations


   Skills:
 + Level 3.2 Fighting
 * Level 3.7 Short Blades
 - Level 1.7 Throwing
 + Level 2.0 Armour
 * Level 3.4 Dodging
 + Level 2.2 Stealth


You had 4 spell levels left.
You didn't know any spells.
Your spell library contained the following spells:

 Spells                   Type           Power        Failure   Level  Hunger
 Corpse Rot               Necr           N/A          61%         2    ###....
 Stone Arrow              Conj/Erth      #.....       83%         3    ####...
 Leda's Liquefaction      Hex/Erth       #.........   99%         4    #####..
 Summon Forest            Summ/Tloc      #.........   100%        5    ######.
 Hydra Form               Tmut           #.........   100%        6    #######
 Summon Hydra             Summ           #.........   100%        7    #######


Dungeon Overview and Level Annotations

Branches:
Dungeon (4/15)
 Temple: D:4-7

Altars:
Cheibriados
Sif Muna
Wu Jian
Xom
The Shining One


Innate Abilities, Weirdness & Mutations

You are resistant to torment.
Your stone body is resilient. (AC +4)
You are immune to poison.
You resist negative energy. (rN+)
You are resistant to electric shocks. (rElec)
You can survive without breathing.
You are immune to petrification.
You are immune to rotting.


Message History

You throw a throwing net. The throwing net hits the iguana.
The iguana is caught in the net!
The iguana is heavily wounded.
The iguana struggles against the net. x2
You barely miss the iguana.
The iguana is heavily wounded.
You hit the iguana but do no damage.
The iguana is heavily wounded.
The iguana struggles against the net.
You hit the iguana.
The iguana is severely wounded.
The iguana struggles against the net.
You hit the iguana.
The iguana is severely wounded.
The iguana struggles against the net.
The net rips apart, and the iguana comes free!
You barely miss the iguana.
The iguana is severely wounded.
The iguana bites you!
You die...

#.....###### #...<
#.≈≈.≈§....#########
##≈#+#≈###..........
#§ #≈.....########
#≈###≈.....#
#≈≈≈§≈.....#
###.§......#
########........#
(.....l@........#
########......#.#
######
#......#.###....)
#......#...'.....
############.....
#..... #..... #.....
#.....


You could see an iguana.

Vanquished Creatures
  Blork the orc (D:4)
  6 adders
  An ooze (D:1)
  A worm (D:3)
  3 dart slugs
  3 leopard geckos
  3 orcs
  3 giant cockroaches
  9 goblins
  9 hobgoblins
  3 quokkas
  11 bats
  A frilled lizard (D:2)
  3 kobolds
  8 rats
65 creatures vanquished.

Notes
Turn   | Place    | Note
-------+----------+-------------------------------------------
     0 | D:1      | Borgoz the Gargoyle Gladiator began the quest for the Orb.
     0 | D:1      | Reached XP level 1. HP: 12/12 MP: 1/1
   261 | D:1      | Reached XP level 2. HP: 14/17 MP: 2/2
   704 | D:2      | Reached XP level 3. HP: 18/22 MP: 3/3
   725 | D:2      | Found an ornate altar of the Wu Jian Council.
   788 | D:2      | Reached skill level 1 in Armour
   788 | D:2      | Reached skill level 1 in Stealth
  1273 | D:2      | Reached XP level 4. HP: 24/27 MP: 4/4
  1416 | D:3      | Found a shimmering altar of Xom.
  1418 | D:3      | Found a deep blue altar of Sif Muna.
  1418 | D:3      | Found a shimmering altar of Xom.
  1420 | D:3      | Found a deep blue altar of Sif Muna.
  1420 | D:3      | Found a glowing golden altar of the Shining One.
  1420 | D:3      | Found a snail-covered altar of Cheibriados.
  1616 | D:3      | Found a faded altar of an unknown god.
  1904 | D:3      | Reached XP level 5. HP: 31/32 MP: 5/5
  2450 | D:4      | Noticed Blork the orc
  2468 | D:4      | Killed Blork the orc
  2605 | D:4      | Slain by an iguana

Levels and vault maps discovered:
D:1:      dpeg_arrival_pond, layout_basic
D:2:      layout_rooms, overflow_temple_1_default, dk_vineyard_1
D:3:      layout_loops_corners, doesnt_xom_only_xom,
          chequers_ecumenical_altar_twisty, first_ration
D:4:      layout_basic, kennysheep_mini_moat, minmay_between, uniq_blork_the_orc

Skill      XL: |  1  2  3  4  5 |
---------------+----------------+-----
Short Blades   | 3 |  3.7
Armour         | 1 2 |  2.0
Stealth        | 1 2 |  2.2
Dodging        | 3 |  3.4
Fighting       | 3 |  3.2
Throwing       | |  1.7

Action                   |  1- 3 |  4- 6 || total
-------------------------+-------+-------++-------
Melee: Rapier            |   136 |   128 ||   264
Throw: Throwing net      |       |     5 ||     5
  Use: Potion            |       |     1 ||     1
 Stab: Sleeping          |       |     6 ||     6
       Held in net/web   |       |     1 ||     1
  Eat: Chunk             |     1 |     3 ||     4
Armor: Leather armour    |    67 |    51 ||   118
Dodge: Dodged            |   101 |    71 ||   172

Table legend:
 A = Non-vault XP
 B = Vault XP
 C = Vault XP percentage of total XP
 D = Non-vault monster count
 E = Vault monster count
 F = Vault count percentage of total count
                 A         B        C        D         E       F
            +---------+---------+-------+---------+---------+-------
      Total |     198 |      98 |  33.1 |      63 |       2 |   3.1
            +---------+---------+-------+---------+---------+-------
        D:1 |      25 |       0 |   0.0 |      13 |       0 |   0.0
        D:2 |      61 |       0 |   0.0 |      20 |       0 |   0.0
        D:3 |     107 |       0 |   0.0 |      28 |       0 |   0.0
        D:4 |       5 |      98 |  95.1 |       2 |       2 |  50.0
            +---------+---------+-------+---------+---------+-------
